EDMONTON vs MINNESOTA

Created - January 11, 2021 at 07:04

Goals
1 2 3 T
EDMONTON 3 1 0 4
MINNESOTA 1 1 0 2
Shots
1 2 3 T
EDMONTON 8 5 8 21
MINNESOTA 7 10 15 32

1st period

1. EDMONTON , Kyle Palmieri 3 (Anze Kopitar 4) at 0:14
2. MINNESOTA , Torey Krug 3 (Mats Zuccarello 1) at 1:20
3. EDMONTON , Bryan Rust 4 (Colin Miller 4, Jason Demers 4) at 14:02 (PP)
4. EDMONTON , David Perron 4 (Jason Demers 5, Matt Roy 2) at 18:38

Penalties :
Brooks Orpik (EDM) for Hooking (Minor) at 2:03, Colton Sissons (EDM) for Hooking (Minor) at 10:11, Colin White (MIN) for Hooking (Minor) at 12:49

2nd period

5. EDMONTON , Travis Hamonic 1 (David Perron 3, Kyle Palmieri 4) at 9:45
6. MINNESOTA , Johan Larsson 1 (Matt Calvert 1, Oliver Ekman-Larsson 3) at 12:05

Penalties :
No Penalty

3rd period

No Goal

Penalties :
Brooks Orpik (EDM) for Tripping (Minor) at 12:13, Colton Sissons (EDM) for Hooking (Minor) at 15:03

Goalie Stats

Darcy Kuemper (EDM), 30 saves from 32 shots - (0.938), W, 4-2-0, 60:00 minutes
Andrei Vasilevskiy (MIN), 17 saves from 21 shots - (0.810), L, 4-1-0, 60:00 minutes

Players Stats for EDMONTON

Player Name              G  A  P  +/- PIM S  H  SB GA TA FO     MP     PP MP  PK MP  
------------------------------------------------------------------------------------
Anze Kopitar             0  1  1   3  0   3  0  0  0  0  18/32  21:36   0:51   5:29 
Barclay Goodrow          0  0  0  -1  0   1  1  0  0  0  2/2    14:08   0:00   0:20 
Brooks Orpik             0  0  0  -2  4   0  1  1  0  0  0/0    15:59   0:00   0:00 
Bryan Rust               1  0  1  -1  0   1  0  0  0  0  0/0    14:00   0:22   0:00 
Colin Miller             0  1  1  -2  0   0  1  0  0  0  0/0    20:00   0:10   3:49 
Colton Sissons           0  0  0  -1  4   0  0  0  0  0  4/12   13:46   0:00   0:00 
Darren Helm              0  0  0   0  0   1  0  1  0  0  0/0     8:14   0:00   0:00 
David Perron             1  1  2   3  0   2  0  0  0  0  0/0    17:40   0:22   2:07 
Jakub Voracek            0  0  0  -1  0   1  1  0  0  0  1/3    20:18   0:51   5:49 
Jason Demers             0  2  2   1  0   0  3  5  0  0  0/0    20:28   0:10   3:49 
Josh Archibald           0  0  0   0  0   0  1  0  0  0  0/0     8:14   0:00   0:00 
Justin Holl              0  0  0   2  0   0  3  0  0  0  0/0    18:55   0:00   0:39 
Kyle Palmieri            1  1  2   3  0   4  2  0  0  0  1/3    18:09   0:51   2:07 
Mathieu Perreault        0  0  0   0  0   0  0  1  0  0  5/10    8:14   0:00   0:00 
Matt Roy                 0  1  1   1  0   1  1  2  0  0  0/0    21:00   1:03   3:28 
Michael Raffl            0  0  0  -1  0   1  1  0  0  0  0/1    13:48   0:00   0:00 
Travis Hamonic           1  0  1   2  0   2  1  5  0  0  0/0    23:31   1:03   4:07 
Tyler Johnson            0  0  0  -1  0   4  1  0  0  0  6/15   14:00   0:22   0:00 

Players Stats for MINNESOTA

Player Name              G  A  P  +/- PIM S  H  SB GA TA FO     MP     PP MP  PK MP  
------------------------------------------------------------------------------------
Brett Kulak              0  0  0   1  0   0  0  2  0  0  0/0    15:29   0:33   0:54 
Colin White              0  0  0   0  2   1  1  0  0  0  7/14   10:51   0:00   0:00 
Dominik Kahun            0  0  0   0  0   3  0  0  0  0  1/1    10:52   0:00   0:00 
Erik Karlsson            0  0  0  -1  0   1  0  0  0  0  0/0    20:35   3:52   0:19 
Johan Larsson            1  0  1   0  0   1  0  0  0  0  7/11    7:56   0:00   0:27 
John Tavares             0  0  0  -1  0   1  0  0  0  0  13/27  21:36   3:53   0:00 
Kyle Connor              0  0  0  -1  0   0  2  0  0  0  1/2    21:46   4:03   0:00 
Mark Giordano            0  0  0  -1  0   2  1  3  0  0  0/0    23:52   3:31   0:19 
Mats Zuccarello          0  1  1   0  0   1  0  0  0  0  0/0    11:38   0:00   0:46 
Matt Calvert             0  1  1   0  0   0  0  0  0  0  0/0     7:56   0:00   0:27 
Nikita Kucherov          0  0  0  -1  0   4  4  0  0  0  1/1    21:46   4:03   0:00 
Niklas Hjalmarsson       0  0  0  -1  0   1  0  1  0  0  0/0    17:41   0:00   0:54 
Oliver Ekman-Larsson     0  1  1  -1  0   3  3  0  0  0  0/0    20:51   4:04   0:00 
Tanner Pearson           0  0  0   0  0   1  1  0  0  0  1/2    18:40   3:53   0:00 
Tomas Hertl              0  0  0   0  0   6  0  1  0  0  10/20  19:36   4:03   0:46 
Torey Krug               1  0  1   1  0   4  1  2  0  0  0/0    21:32   3:52   0:00 
William Carrier          0  0  0   0  0   0  0  0  0  0  0/0     7:29   0:00   0:00 
Zach Hyman               0  0  0   0  0   3  2  0  0  0  0/0    18:40   3:53   0:00 

3 Stars

1 - Kyle Palmieri (EDM)
2 - David Perron (EDM)
3 - Travis Hamonic (EDM)

Power Play

EDMONTON - 1 on 1 Attempt(s) - 100.00%
MINNESOTA - 0 on 4 Attempt(s) - 0.00%

Penalty Kill

EDMONTON - 4 on 4 Attempt(s) - 100.00% - Score 0 goal in Penalty Kill
MINNESOTA - 0 on 1 Attempt(s) - 0.00% - Score 0 goal in Penalty Kill

Team Stat

EDMONTON - Hits : 17 - Faceoff Wins : 37 - Blocked Shots : 15 - Penalty Minutes : 8
MINNESOTA - Hits : 15 - Faceoff Wins : 41 - Blocked Shots : 9 - Penalty Minutes : 2

Official

Referees : Pierre Lambert and Kevin Pollock
Linesman : Stephen Drain and Derek Amell

Game Notes

No Game Note

Finance

Level 1 -- Attendance: 4791 (79.85%) -- Ticket Income $479,100
Level 2 -- Attendance: 3968 (79.36%) -- Ticket Income $238,080
Level 3 -- Attendance: 2000 (100.00%) -- Ticket Income $70,000
Level 4 -- Attendance: 3896 (97.40%) -- Ticket Income $77,920
Luxury Box -- Attendance: 773 (77.30%) -- Ticket Income $154,600
Game was played at the Xcel Energy Center.
Total Attendance: 15428 (85.71%)
Total Ticket Income: $1,019,700
Total Income: $1,019,700

EDMONTON

5 vs 5 Forward 
   Center                   Left Wing                Right Wing               Time % Phy DF OF 
 1 Anze Kopitar             David Perron             Kyle Palmieri            35     1   2  2  
 2 Tyler Johnson            Bryan Rust               Jakub Voracek            30     1   2  2  
 3 Colton Sissons           Michael Raffl            Barclay Goodrow          23     1   2  2  
 4 Mathieu Perreault        Darren Helm              Josh Archibald           12     1   2  2  

5 vs 5 Defense 
   Defense                  Defense                                           Time % Phy DF OF 
 1 Travis Hamonic           Justin Holl                                       33     1   2  2  
 2 Matt Roy                 Jason Demers                                      32     1   2  2  
 3 Colin Miller             Brooks Orpik                                      25     1   2  2  
 4 Travis Hamonic           Justin Holl                                       10     1   2  2  

PowerPlay Forward 
   Center                   Left Wing                Right Wing               Time % Phy DF OF 
 1 Anze Kopitar             Jakub Voracek            Kyle Palmieri            60     1   2  2  
 2 Tyler Johnson            David Perron             Bryan Rust               40     1   2  2  

PowerPlay Defense
   Defense                  Defense                                           Time % Phy DF OF 
 1 Travis Hamonic           Matt Roy                                          60     1   2  2  
 2 Jason Demers             Colin Miller                                      40     1   2  2  

Penalty Kill 4 Players Forward 
   Center                   Wing                     Time % Phy DF OF 
 1 Anze Kopitar             Jakub Voracek            60     1   2  2  
 2 Kyle Palmieri            David Perron             40     1   2  2  

Penalty Kill 4 Players Defense
   Defense                  Defense                  Time % Phy DF OF 
 1 Travis Hamonic           Matt Roy                 60     1   2  2  
 2 Colin Miller             Jason Demers             40     1   2  2  

Penalty Kill - 3 Players Forward 
   Forward                                           Time % Phy DF OF 
 1 Anze Kopitar                                      60     1   2  2  
 2 Jakub Voracek                                     40     1   2  2  

Penalty Kill - 3 Players Defense
   Defense                  Defense                  Time % Phy DF OF 
 1 Travis Hamonic           Justin Holl              60     1   2  2  
 2 Matt Roy                 Jason Demers             40     1   2  2  

4 vs 4 Forward 
   Center                   Wing                     Time % Phy DF OF 
 1 Anze Kopitar             Jakub Voracek            60     1   2  2  
 2 Kyle Palmieri            David Perron             40     1   2  2  

4 vs 4 Defense
   Defense                  Defense                  Time % Phy DF OF 
 1 Travis Hamonic           Matt Roy                 60     1   2  2  
 2 Colin Miller             Jason Demers             40     1   2  2  

Last Minutes Offensive
   Center                   Left Wing                Right Wing               Defense                  Defense                  
   Anze Kopitar             Jakub Voracek            Kyle Palmieri            Travis Hamonic           Justin Holl              

Last Minutes Defensive
   Center                   Left Wing                Right Wing               Defense                  Defense                  
   Anze Kopitar             Jakub Voracek            Kyle Palmieri            Travis Hamonic           Justin Holl              

Goaltenders
Starting : Darcy Kuemper            
Backup : Aaron Dell               

Extra Forwards
Normal : Barclay Goodrow, Colton Sissons, Josh Archibald - PP : Barclay Goodrow, Colton Sissons - PK : Barclay Goodrow
Extra Defensemen
Normal : Brooks Orpik, Colin Miller, Justin Holl - PP : Justin Holl - PK : Justin Holl, Colin Miller
Penalty Shots
Anze Kopitar, Jakub Voracek, Kyle Palmieri, David Perron, Tyler Johnson

Scratches
EDM Cap Hit (Suspend), Derek Forbort (Healthy)

MINNESOTA

5 vs 5 Forward 
   Center                   Left Wing                Right Wing               Time % Phy DF OF 
 1 John Tavares             Kyle Connor              Nikita Kucherov          37     0   2  3  
 2 Tomas Hertl              Tanner Pearson           Zach Hyman               33     1   2  2  
 3 Colin White              Dominik Kahun            Mats Zuccarello          20     1   2  2  
 4 Johan Larsson            William Carrier          Matt Calvert             10     2   2  1  

5 vs 5 Defense 
   Defense                  Defense                                           Time % Phy DF OF 
 1 Mark Giordano            Erik Karlsson                                     35     1   2  2  
 2 Oliver Ekman-Larsson     Niklas Hjalmarsson                                30     1   2  2  
 3 Brett Kulak              Torey Krug                                        25     1   2  2  
 4 Torey Krug               Mark Giordano                                     10     0   2  3  

PowerPlay Forward 
   Center                   Left Wing                Right Wing               Time % Phy DF OF 
 1 Tomas Hertl              Kyle Connor              Nikita Kucherov          60     1   1  3  
 2 John Tavares             Tanner Pearson           Zach Hyman               40     1   1  3  

PowerPlay Defense
   Defense                  Defense                                           Time % Phy DF OF 
 1 Torey Krug               Erik Karlsson                                     60     0   1  4  
 2 Oliver Ekman-Larsson     Mark Giordano                                     40     1   1  3  

Penalty Kill 4 Players Forward 
   Center                   Wing                     Time % Phy DF OF 
 1 Johan Larsson            Matt Calvert             60     1   3  1  
 2 Tomas Hertl              Mats Zuccarello          40     1   3  1  

Penalty Kill 4 Players Defense
   Defense                  Defense                  Time % Phy DF OF 
 1 Mark Giordano            Erik Karlsson            60     1   3  1  
 2 Niklas Hjalmarsson       Brett Kulak              40     1   4  0  

Penalty Kill - 3 Players Forward 
   Forward                                           Time % Phy DF OF 
 1 Johan Larsson                                     60     1   4  0  
 2 Matt Calvert                                      40     1   4  0  

Penalty Kill - 3 Players Defense
   Defense                  Defense                  Time % Phy DF OF 
 1 Mark Giordano            Niklas Hjalmarsson       60     1   4  0  
 2 Oliver Ekman-Larsson     Mats Zuccarello          40     1   4  0  

4 vs 4 Forward 
   Center                   Wing                     Time % Phy DF OF 
 1 Tomas Hertl              Nikita Kucherov          60     1   2  2  
 2 John Tavares             Kyle Connor              40     1   1  3  

4 vs 4 Defense
   Defense                  Defense                  Time % Phy DF OF 
 1 Mark Giordano            Torey Krug               60     1   2  2  
 2 Oliver Ekman-Larsson     Erik Karlsson            40     1   2  2  

Last Minutes Offensive
   Center                   Left Wing                Right Wing               Defense                  Defense                  
   John Tavares             Kyle Connor              Nikita Kucherov          Torey Krug               Erik Karlsson            

Last Minutes Defensive
   Center                   Left Wing                Right Wing               Defense                  Defense                  
   Tomas Hertl              Matt Calvert             Zach Hyman               Mark Giordano            Niklas Hjalmarsson       

Goaltenders
Starting : Andrei Vasilevskiy       
Backup : Gilles Senn              

Extra Forwards
Normal : Tomas Hertl, Zach Hyman, Nikita Kucherov - PP : Zach Hyman, Nikita Kucherov - PK : Tomas Hertl
Extra Defensemen
Normal : Oliver Ekman-Larsson, Erik Karlsson, Mark Giordano - PP : Torey Krug - PK : Niklas Hjalmarsson, Mark Giordano
Penalty Shots
Nikita Kucherov, John Tavares, Kyle Connor, Tomas Hertl, Tanner Pearson

Scratches
MIN Cap Hit (Healthy)

% Time on Ice - EDMONTON

Lines # - Real PCT - Wanted PCT - Time Play
Normal Forward
1 - 30% - 35% - 15:11
2 - 27% - 30% - 13:38
3 - 27% - 23% - 13:48
4 - 16% - 12% - 8:14
Normal Defense
1 - 31% - 33% - 15:39
2 - 32% - 32% - 16:29
3 - 31% - 25% - 16:01
4 - 5% - 10% - 2:42
PP Forward
1 - 70% - 60% - 0:51
2 - 30% - 40% - 0:22
PP Defense
1 - 86% - 60% - 1:03
2 - 14% - 40% - 0:10
PK Forward
1 - 73% - 60% - 5:49
2 - 27% - 40% - 2:07
PK Defense
1 - 52% - 60% - 4:07
2 - 48% - 40% - 3:49
PK3 Forward
1 - 0% - 60%
2 - 0% - 40%
PK3 Defense
1 - 0% - 60%
2 - 0% - 40%
44 Forward
1 - 0% - 60%
2 - 0% - 40%
44 Defense
1 - 0% - 60%
2 - 0% - 40%
Last Minute Offensive  - 0:00
Last Minute Defensive  - 0:00
Total
Forward - 60:00
Defense - 60:00

% Time on Ice - MINNESOTA

Lines # - Real PCT - Wanted PCT - Time Play
Normal Forward
1 - 35% - 37% - 17:43
2 - 29% - 33% - 14:47
3 - 21% - 20% - 10:52
4 - 15% - 10% - 7:29
Normal Defense
1 - 32% - 35% - 16:24
2 - 33% - 30% - 16:47
3 - 28% - 25% - 14:02
4 - 7% - 10% - 3:38
PP Forward
1 - 51% - 60% - 4:03
2 - 49% - 40% - 3:53
PP Defense
1 - 49% - 60% - 3:52
2 - 51% - 40% - 4:04
PK Forward
1 - 37% - 60% - 0:27
2 - 63% - 40% - 0:46
PK Defense
1 - 26% - 60% - 0:19
2 - 74% - 40% - 0:54
PK3 Forward
1 - 0% - 60%
2 - 0% - 40%
PK3 Defense
1 - 0% - 60%
2 - 0% - 40%
44 Forward
1 - 0% - 60%
2 - 0% - 40%
44 Defense
1 - 0% - 60%
2 - 0% - 40%
Last Minute Offensive  - 0:00
Last Minute Defensive  - 0:00
Total
Forward - 60:00
Defense - 60:00

Play-by-Play

1st period


0:01 of 1st period - Anze Kopitar wins face-off versus John Tavares in neutral zone.
0:14 of 1st period - Shot by Kyle Palmieri.
0:14 of 1st period - Goal by Kyle Palmieri - EDMONTON : 1 - MINNESOTA : 0.
0:15 of 1st period - Tyler Johnson wins face-off versus Tomas Hertl in neutral zone.
0:40 of 1st period - Icing by Tyler Johnson.
0:41 of 1st period - Colin White wins face-off versus Tyler Johnson in EDMONTON zone.
1:10 of 1st period - Icing by Brett Kulak.
1:11 of 1st period - Colton Sissons wins face-off versus Colin White in MINNESOTA zone.
1:20 of 1st period - Shot by Torey Krug.
1:20 of 1st period - Goal by Torey Krug - EDMONTON : 1 - MINNESOTA : 1.
1:21 of 1st period - John Tavares wins face-off versus Anze Kopitar in neutral zone.
1:44 of 1st period - Shot by David Perron.
1:44 of 1st period - Stopped by Andrei Vasilevskiy without a rebound.
1:45 of 1st period - Mathieu Perreault wins face-off versus Johan Larsson in MINNESOTA zone.
2:03 of 1st period - Minor Penalty to Brooks Orpik for Hooking.
2:04 of 1st period - Anze Kopitar wins face-off versus Tomas Hertl in EDMONTON zone.
2:13 of 1st period - Travis Hamonic is hit by Kyle Connor and loses puck.
2:26 of 1st period - Shot by Tomas Hertl.
2:26 of 1st period - Shot Blocked by Travis Hamonic.
2:28 of 1st period - Shot by Erik Karlsson.
2:28 of 1st period - Stopped by Darcy Kuemper without a rebound.
2:29 of 1st period - John Tavares wins face-off versus Kyle Palmieri in EDMONTON zone.
2:32 of 1st period - Shot by Oliver Ekman-Larsson.
2:32 of 1st period - Shot Blocked by Jason Demers.
2:34 of 1st period - Shot by Mark Giordano.
2:34 of 1st period - Shot Blocked by Jason Demers.
2:36 of 1st period - Shot by Oliver Ekman-Larsson.
2:36 of 1st period - Shot Blocked by Jason Demers.
2:38 of 1st period - Shot by Mark Giordano.
2:38 of 1st period - Shot Blocked by Jason Demers.
2:40 of 1st period - Shot by Tanner Pearson.
2:40 of 1st period - Shot Misses the Net.
2:42 of 1st period - Shot by Oliver Ekman-Larsson.
2:42 of 1st period - Stopped by Darcy Kuemper without a rebound.
2:43 of 1st period - Kyle Connor wins face-off versus Jakub Voracek in EDMONTON zone.
3:02 of 1st period - Shot by Jakub Voracek.
3:02 of 1st period - Shot Misses the Net.
3:23 of 1st period - Off-side.
3:24 of 1st period - John Tavares wins face-off versus Anze Kopitar in neutral zone.
4:10 of 1st period - Shot by Barclay Goodrow.
4:10 of 1st period - Deflect By Michael Raffl.
4:10 of 1st period - Shot Misses the Net.
4:29 of 1st period - Icing by Torey Krug.
4:30 of 1st period - Mathieu Perreault wins face-off versus Colin White in MINNESOTA zone.
4:33 of 1st period - Shot by Darren Helm.
4:33 of 1st period - Shot Blocked by Torey Krug.
5:47 of 1st period - Shot by David Perron.
5:47 of 1st period - Shot Hit the Post.
5:49 of 1st period - Shot by Justin Holl.
5:49 of 1st period - Shot Blocked by Tomas Hertl.
7:00 of 1st period - Mark Giordano is hit by Barclay Goodrow and loses puck.
8:04 of 1st period - Justin Holl is hit by Kyle Connor and loses puck.
8:39 of 1st period - Shot by Kyle Palmieri.
8:39 of 1st period - Stopped by Andrei Vasilevskiy without a rebound.
8:40 of 1st period - Colin White wins face-off versus Jakub Voracek in MINNESOTA zone.
9:10 of 1st period - Tyler Johnson is hit by Torey Krug and loses puck.
9:36 of 1st period - Johan Larsson is hit by Jason Demers.
10:11 of 1st period - Minor Penalty to Colton Sissons for Hooking.
10:12 of 1st period - Tomas Hertl wins face-off versus Anze Kopitar in EDMONTON zone.
10:15 of 1st period - Shot by Nikita Kucherov.
10:15 of 1st period - Shot Misses the Net.
10:28 of 1st period - Shot by Kyle Connor.
10:28 of 1st period - Deflect By Tomas Hertl.
10:28 of 1st period - Stopped by Darcy Kuemper with a rebound.
11:07 of 1st period - Shot by Torey Krug.
11:07 of 1st period - Stopped by Darcy Kuemper without a rebound.
11:08 of 1st period - Barclay Goodrow wins face-off versus John Tavares in EDMONTON zone.
11:27 of 1st period - Shot by John Tavares.
11:27 of 1st period - Stopped by Darcy Kuemper without a rebound.
11:28 of 1st period - Nikita Kucherov wins face-off versus Kyle Palmieri in EDMONTON zone.
12:34 of 1st period - Shot by William Carrier.
12:34 of 1st period - Shot Misses the Net.
12:36 of 1st period - Shot by Niklas Hjalmarsson.
12:36 of 1st period - Shot Misses the Net.
12:49 of 1st period - Minor Penalty to Colin White for Hooking.
12:50 of 1st period - Tyler Johnson wins face-off versus Johan Larsson in MINNESOTA zone.
12:55 of 1st period - Shot by Tyler Johnson.
12:55 of 1st period - Shot Misses the Net.
12:57 of 1st period - Shot by Travis Hamonic.
12:57 of 1st period - Shot Misses the Net.
12:59 of 1st period - Shot by Travis Hamonic.
12:59 of 1st period - Shot Blocked by Mark Giordano.
13:01 of 1st period - Shot by Tyler Johnson.
13:01 of 1st period - Stopped by Andrei Vasilevskiy without a rebound.
13:02 of 1st period - Anze Kopitar wins face-off versus Johan Larsson in MINNESOTA zone.
13:09 of 1st period - Shot by Travis Hamonic.
13:09 of 1st period - Stopped by Andrei Vasilevskiy without a rebound.
13:10 of 1st period - Johan Larsson wins face-off versus Anze Kopitar in MINNESOTA zone.
13:10 of 1st period - Johan Larsson is hit by Kyle Palmieri.
14:00 of 1st period - Shot by Bryan Rust.
14:00 of 1st period - Shot Misses the Net.
14:02 of 1st period - Shot by Colin Miller.
14:02 of 1st period - Deflect By Bryan Rust.
14:02 of 1st period - Goal by Bryan Rust - EDMONTON : 2 - MINNESOTA : 1.
14:03 of 1st period - John Tavares wins face-off versus Colton Sissons in neutral zone.
14:10 of 1st period - Shot by Kyle Connor.
14:10 of 1st period - Shot Blocked by Brooks Orpik.
14:13 of 1st period - Icing by Colin Miller.
14:14 of 1st period - John Tavares wins face-off versus Colton Sissons in EDMONTON zone.
15:24 of 1st period - Icing by Anze Kopitar.
15:25 of 1st period - Colin White wins face-off versus Anze Kopitar in EDMONTON zone.
15:28 of 1st period - Shot by Dominik Kahun.
15:28 of 1st period - Stopped by Darcy Kuemper without a rebound.
15:29 of 1st period - Anze Kopitar wins face-off versus Colin White in EDMONTON zone.
16:49 of 1st period - Shot by Tyler Johnson.
16:49 of 1st period - Shot Misses the Net.
16:51 of 1st period - Shot by Tyler Johnson.
16:51 of 1st period - Stopped by Andrei Vasilevskiy with a rebound.
17:25 of 1st period - Off-side.
17:26 of 1st period - Barclay Goodrow wins face-off versus Tomas Hertl in neutral zone.
18:17 of 1st period - Icing by Zach Hyman.
18:18 of 1st period - Anze Kopitar wins face-off versus Tomas Hertl in MINNESOTA zone.
18:32 of 1st period - Jason Demers is hit by Oliver Ekman-Larsson.
18:36 of 1st period - Shot by David Perron.
18:36 of 1st period - Shot Misses the Net.
18:38 of 1st period - Shot by David Perron.
18:38 of 1st period - Goal by David Perron - EDMONTON : 3 - MINNESOTA : 1.
18:39 of 1st period - John Tavares wins face-off versus Tyler Johnson in neutral zone.
Goals for this period are 3 for EDMONTON vs 1 for MINNESOTA.
Shots for this period are 8 for EDMONTON vs 7 for MINNESOTA.

2nd period


0:01 of 2nd period - Tomas Hertl wins face-off versus Anze Kopitar in neutral zone.
0:04 of 2nd period - Travis Hamonic is hit by Tanner Pearson.
0:11 of 2nd period - Icing by Travis Hamonic.
0:12 of 2nd period - Anze Kopitar wins face-off versus John Tavares in EDMONTON zone.
0:25 of 2nd period - Shot by Anze Kopitar.
0:25 of 2nd period - Deflect By Kyle Palmieri.
0:25 of 2nd period - Stopped by Andrei Vasilevskiy without a rebound.
0:26 of 2nd period - Tomas Hertl wins face-off versus Tyler Johnson in MINNESOTA zone.
1:52 of 2nd period - Shot by Kyle Palmieri.
1:52 of 2nd period - Shot Misses the Net.
1:54 of 2nd period - Shot by Travis Hamonic.
1:54 of 2nd period - Shot Misses the Net.
2:07 of 2nd period - Icing by Niklas Hjalmarsson.
2:08 of 2nd period - John Tavares wins face-off versus Colton Sissons in MINNESOTA zone.
2:32 of 2nd period - Shot by Matt Calvert.
2:32 of 2nd period - Shot Misses the Net.
2:45 of 2nd period - Off-side.
2:46 of 2nd period - Tomas Hertl wins face-off versus Mathieu Perreault in neutral zone.
3:07 of 2nd period - Shot by Zach Hyman.
3:07 of 2nd period - Shot Blocked by Darren Helm.
3:09 of 2nd period - Shot by Tomas Hertl.
3:09 of 2nd period - Deflect By Zach Hyman.
3:09 of 2nd period - Shot Misses the Net.
3:23 of 2nd period - Shot by Zach Hyman.
3:23 of 2nd period - Stopped by Darcy Kuemper with a rebound.
3:25 of 2nd period - Shot by Tanner Pearson.
3:25 of 2nd period - Stopped by Darcy Kuemper without a rebound.
3:26 of 2nd period - Anze Kopitar wins face-off versus Colin White in EDMONTON zone.
3:47 of 2nd period - Shot by Kyle Palmieri.
3:47 of 2nd period - Shot Blocked by Mark Giordano.
3:49 of 2nd period - Shot by Anze Kopitar.
3:49 of 2nd period - Stopped by Andrei Vasilevskiy without a rebound.
3:50 of 2nd period - John Tavares wins face-off versus Tyler Johnson in MINNESOTA zone.
4:05 of 2nd period - Oliver Ekman-Larsson is hit by Tyler Johnson and loses puck.
5:08 of 2nd period - Shot by Kyle Palmieri.
5:08 of 2nd period - Shot Misses the Net.
5:38 of 2nd period - Shot by Mats Zuccarello.
5:38 of 2nd period - Stopped by Darcy Kuemper without a rebound.
5:39 of 2nd period - Mathieu Perreault wins face-off versus Colin White in EDMONTON zone.
5:39 of 2nd period - Josh Archibald is hit by Colin White and loses puck.
5:55 of 2nd period - Shot by Mathieu Perreault.
5:55 of 2nd period - Deflect By Darren Helm.
5:55 of 2nd period - Shot Misses the Net.
5:57 of 2nd period - Shot by Darren Helm.
5:57 of 2nd period - Stopped by Andrei Vasilevskiy without a rebound.
5:58 of 2nd period - Johan Larsson wins face-off versus Tyler Johnson in MINNESOTA zone.
6:30 of 2nd period - Shot by Johan Larsson.
6:30 of 2nd period - Shot Misses the Net.
6:32 of 2nd period - Shot by William Carrier.
6:32 of 2nd period - Shot Hit the Post.
7:03 of 2nd period - Icing by Kyle Palmieri.
7:04 of 2nd period - Kyle Palmieri wins face-off versus John Tavares in EDMONTON zone.
7:43 of 2nd period - Erik Karlsson is hit by Jason Demers and loses puck.
7:55 of 2nd period - Icing by Matt Roy.
7:56 of 2nd period - Tomas Hertl wins face-off versus Colton Sissons in EDMONTON zone.
8:19 of 2nd period - Shot by Colton Sissons.
8:19 of 2nd period - Shot Misses the Net.
8:21 of 2nd period - Shot by Barclay Goodrow.
8:21 of 2nd period - Stopped by Andrei Vasilevskiy without a rebound.
8:22 of 2nd period - Colin White wins face-off versus Tyler Johnson in MINNESOTA zone.
8:33 of 2nd period - Shot by Mats Zuccarello.
8:33 of 2nd period - Shot Misses the Net.
9:07 of 2nd period - Icing by Niklas Hjalmarsson.
9:08 of 2nd period - Anze Kopitar wins face-off versus Colin White in MINNESOTA zone.
9:15 of 2nd period - Shot by Kyle Palmieri.
9:15 of 2nd period - Shot Misses the Net.
9:45 of 2nd period - Shot by Travis Hamonic.
9:45 of 2nd period - Goal by Travis Hamonic - EDMONTON : 4 - MINNESOTA : 1.
9:46 of 2nd period - Tomas Hertl wins face-off versus Colton Sissons in neutral zone.
10:21 of 2nd period - Shot by Tomas Hertl.
10:21 of 2nd period - Stopped by Darcy Kuemper without a rebound.
10:22 of 2nd period - Tyler Johnson wins face-off versus John Tavares in EDMONTON zone.
10:24 of 2nd period - Icing by Jakub Voracek.
10:25 of 2nd period - Tyler Johnson wins face-off versus John Tavares in EDMONTON zone.
11:37 of 2nd period - Shot by Tomas Hertl.
11:37 of 2nd period - Stopped by Darcy Kuemper with a rebound.
12:05 of 2nd period - Shot by Johan Larsson.
12:05 of 2nd period - Goal by Johan Larsson - EDMONTON : 4 - MINNESOTA : 2.
12:06 of 2nd period - Dominik Kahun wins face-off versus Anze Kopitar in neutral zone.
12:52 of 2nd period - Oliver Ekman-Larsson is hit by Travis Hamonic.
13:28 of 2nd period - Jason Demers is hit by Nikita Kucherov and loses puck.
13:54 of 2nd period - Off-side.
13:55 of 2nd period - Mathieu Perreault wins face-off versus Johan Larsson in neutral zone.
14:07 of 2nd period - Off-side.
14:08 of 2nd period - Tanner Pearson wins face-off versus Mathieu Perreault in neutral zone.
14:11 of 2nd period - Shot by Oliver Ekman-Larsson.
14:11 of 2nd period - Stopped by Darcy Kuemper without a rebound.
14:12 of 2nd period - Mathieu Perreault wins face-off versus Tomas Hertl in EDMONTON zone.
14:12 of 2nd period - Mathieu Perreault is hit by Zach Hyman.
15:11 of 2nd period - Shot by Nikita Kucherov.
15:11 of 2nd period - Stopped by Darcy Kuemper with a rebound.
15:13 of 2nd period - Shot by Nikita Kucherov.
15:13 of 2nd period - Shot Misses the Net.
15:15 of 2nd period - Shot by Kyle Connor.
15:15 of 2nd period - Shot Blocked by Matt Roy.
15:17 of 2nd period - Shot by Brett Kulak.
15:17 of 2nd period - Shot Blocked by Jason Demers.
15:19 of 2nd period - Shot by Kyle Connor.
15:19 of 2nd period - Shot Blocked by Mathieu Perreault.
15:35 of 2nd period - Shot by Nikita Kucherov.
15:35 of 2nd period - Shot Misses the Net.
15:45 of 2nd period - Nikita Kucherov is hit by Josh Archibald and loses puck.
15:59 of 2nd period - Off-side.
16:00 of 2nd period - Johan Larsson wins face-off versus Anze Kopitar in neutral zone.
16:28 of 2nd period - Kyle Palmieri is hit by Oliver Ekman-Larsson and loses puck.
16:37 of 2nd period - Shot by Kyle Palmieri.
16:37 of 2nd period - Shot Misses the Net.
17:07 of 2nd period - Shot by Bryan Rust.
17:07 of 2nd period - Shot Blocked by Mark Giordano.
17:17 of 2nd period - Shot by Tomas Hertl.
17:17 of 2nd period - Stopped by Darcy Kuemper without a rebound.
17:18 of 2nd period - Colin White wins face-off versus Colton Sissons in EDMONTON zone.
17:22 of 2nd period - Dominik Kahun is hit by Justin Holl and loses puck.
17:26 of 2nd period - Colin White is hit by Justin Holl and loses puck.
17:39 of 2nd period - Shot by Colin White.
17:39 of 2nd period - Shot Blocked by Travis Hamonic.
17:41 of 2nd period - Shot by Mark Giordano.
17:41 of 2nd period - Shot Misses the Net.
17:49 of 2nd period - Shot by Colin White.
17:49 of 2nd period - Stopped by Darcy Kuemper without a rebound.
17:50 of 2nd period - John Tavares wins face-off versus Anze Kopitar in EDMONTON zone.
18:20 of 2nd period - Off-side.
18:21 of 2nd period - Tomas Hertl wins face-off versus Tyler Johnson in neutral zone.
18:46 of 2nd period - Shot by Tomas Hertl.
18:46 of 2nd period - Shot Misses the Net.
19:51 of 2nd period - Shot by Nikita Kucherov.
19:51 of 2nd period - Shot Misses the Net.
19:59 of 2nd period - Shot by Kyle Connor.
19:59 of 2nd period - Shot Misses the Net.
Goals for this period are 1 for EDMONTON vs 1 for MINNESOTA.
Shots for this period are 5 for EDMONTON vs 10 for MINNESOTA.

3rd period


0:01 of 3rd period - Anze Kopitar wins face-off versus John Tavares in neutral zone.
0:01 of 3rd period - Anze Kopitar is hit by Nikita Kucherov.
0:07 of 3rd period - Shot by Kyle Palmieri.
0:07 of 3rd period - Stopped by Andrei Vasilevskiy with a rebound.
0:19 of 3rd period - Torey Krug is hit by Kyle Palmieri and loses puck.
1:25 of 3rd period - Shot by Jakub Voracek.
1:25 of 3rd period - Shot Blocked by Niklas Hjalmarsson.
1:48 of 3rd period - Colin White is hit by Colin Miller.
2:54 of 3rd period - Shot by Johan Larsson.
2:54 of 3rd period - Shot Misses the Net.
3:22 of 3rd period - Shot by Anze Kopitar.
3:22 of 3rd period - Stopped by Andrei Vasilevskiy without a rebound.
3:23 of 3rd period - Tyler Johnson wins face-off versus Tomas Hertl in MINNESOTA zone.
3:39 of 3rd period - Tyler Johnson is hit by Mark Giordano and loses puck.
4:23 of 3rd period - Shot by Anze Kopitar.
4:23 of 3rd period - Stopped by Andrei Vasilevskiy without a rebound.
4:24 of 3rd period - Colton Sissons wins face-off versus John Tavares in MINNESOTA zone.
5:10 of 3rd period - Icing by Michael Raffl.
5:11 of 3rd period - Colton Sissons wins face-off versus Colin White in EDMONTON zone.
5:16 of 3rd period - Niklas Hjalmarsson is hit by Michael Raffl and loses puck.
5:31 of 3rd period - Shot by Dominik Kahun.
5:31 of 3rd period - Shot Blocked by Travis Hamonic.
5:34 of 3rd period - Icing by Travis Hamonic.
5:35 of 3rd period - Tomas Hertl wins face-off versus Anze Kopitar in EDMONTON zone.
5:50 of 3rd period - Shot by Tomas Hertl.
5:50 of 3rd period - Stopped by Darcy Kuemper without a rebound.
5:51 of 3rd period - Johan Larsson wins face-off versus Tyler Johnson in EDMONTON zone.
5:51 of 3rd period - Johan Larsson is hit by Jason Demers.
5:58 of 3rd period - Icing by Jason Demers.
5:59 of 3rd period - Tyler Johnson wins face-off versus John Tavares in EDMONTON zone.
6:03 of 3rd period - Icing by Jakub Voracek.
6:04 of 3rd period - John Tavares wins face-off versus Tyler Johnson in EDMONTON zone.
6:07 of 3rd period - Shot by Kyle Connor.
6:07 of 3rd period - Shot Misses the Net.
6:09 of 3rd period - Shot by Kyle Connor.
6:09 of 3rd period - Shot Misses the Net.
6:11 of 3rd period - Shot by Nikita Kucherov.
6:11 of 3rd period - Stopped by Darcy Kuemper without a rebound.
6:12 of 3rd period - Anze Kopitar wins face-off versus Kyle Connor in EDMONTON zone.
6:17 of 3rd period - Icing by Travis Hamonic.
6:18 of 3rd period - Anze Kopitar wins face-off versus John Tavares in EDMONTON zone.
7:18 of 3rd period - Shot by Matt Roy.
7:18 of 3rd period - Stopped by Andrei Vasilevskiy with a rebound.
7:20 of 3rd period - Shot by Matt Roy.
7:20 of 3rd period - Shot Blocked by Brett Kulak.
7:32 of 3rd period - Shot by Tyler Johnson.
7:32 of 3rd period - Stopped by Andrei Vasilevskiy with a rebound.
7:34 of 3rd period - Shot by Jakub Voracek.
7:34 of 3rd period - Stopped by Andrei Vasilevskiy with a rebound.
7:53 of 3rd period - Tomas Hertl is hit by Brooks Orpik and loses puck.
8:22 of 3rd period - Shot by Dominik Kahun.
8:22 of 3rd period - Stopped by Darcy Kuemper without a rebound.
8:23 of 3rd period - Johan Larsson wins face-off versus Mathieu Perreault in EDMONTON zone.
8:34 of 3rd period - Shot by William Carrier.
8:34 of 3rd period - Shot Misses the Net.
9:07 of 3rd period - Icing by Travis Hamonic.
9:08 of 3rd period - John Tavares wins face-off versus Mathieu Perreault in EDMONTON zone.
9:15 of 3rd period - Shot by John Tavares.
9:15 of 3rd period - Shot Misses the Net.
9:17 of 3rd period - Shot by Kyle Connor.
9:17 of 3rd period - Shot Misses the Net.
9:19 of 3rd period - Shot by Niklas Hjalmarsson.
9:19 of 3rd period - Stopped by Darcy Kuemper with a rebound.
9:21 of 3rd period - Shot by Kyle Connor.
9:21 of 3rd period - Deflect By Nikita Kucherov.
9:21 of 3rd period - Shot Blocked by Travis Hamonic.
9:23 of 3rd period - Shot by Oliver Ekman-Larsson.
9:23 of 3rd period - Stopped by Darcy Kuemper without a rebound.
9:24 of 3rd period - Anze Kopitar wins face-off versus Tomas Hertl in EDMONTON zone.
9:32 of 3rd period - Icing by Zach Hyman.
9:33 of 3rd period - Anze Kopitar wins face-off versus Tomas Hertl in MINNESOTA zone.
9:42 of 3rd period - Kyle Palmieri is hit by Zach Hyman and loses puck.
9:55 of 3rd period - Shot by Torey Krug.
9:55 of 3rd period - Stopped by Darcy Kuemper with a rebound.
9:57 of 3rd period - Shot by Zach Hyman.
9:57 of 3rd period - Shot Misses the Net.
9:59 of 3rd period - Shot by Tomas Hertl.
9:59 of 3rd period - Stopped by Darcy Kuemper without a rebound.
10:00 of 3rd period - Jakub Voracek wins face-off versus John Tavares in EDMONTON zone.
10:13 of 3rd period - Shot by Nikita Kucherov.
10:13 of 3rd period - Stopped by Darcy Kuemper without a rebound.
10:14 of 3rd period - Colin White wins face-off versus Colton Sissons in EDMONTON zone.
10:27 of 3rd period - Shot by Dominik Kahun.
10:27 of 3rd period - Stopped by Darcy Kuemper without a rebound.
10:28 of 3rd period - John Tavares wins face-off versus Anze Kopitar in EDMONTON zone.
10:28 of 3rd period - John Tavares is hit by Matt Roy.
10:43 of 3rd period - Anze Kopitar is hit by Nikita Kucherov and loses puck.
11:26 of 3rd period - Shot by Jakub Voracek.
11:26 of 3rd period - Shot Blocked by Torey Krug.
11:40 of 3rd period - Shot by Tyler Johnson.
11:40 of 3rd period - Stopped by Andrei Vasilevskiy without a rebound.
11:41 of 3rd period - Colton Sissons wins face-off versus Tomas Hertl in MINNESOTA zone.
11:41 of 3rd period - Michael Raffl is hit by Oliver Ekman-Larsson and loses puck.
12:04 of 3rd period - Shot by Zach Hyman.
12:04 of 3rd period - Stopped by Darcy Kuemper with a rebound.
12:13 of 3rd period - Minor Penalty to Brooks Orpik for Tripping.
12:14 of 3rd period - Anze Kopitar wins face-off versus John Tavares in EDMONTON zone.
12:23 of 3rd period - Shot by John Tavares.
12:23 of 3rd period - Deflect By Zach Hyman.
12:23 of 3rd period - Stopped by Darcy Kuemper without a rebound.
12:24 of 3rd period - Tomas Hertl wins face-off versus Anze Kopitar in EDMONTON zone.
12:29 of 3rd period - Shot by Nikita Kucherov.
12:29 of 3rd period - Shot Blocked by Matt Roy.
12:31 of 3rd period - Shot by Mark Giordano.
12:31 of 3rd period - Stopped by Darcy Kuemper with a rebound.
12:33 of 3rd period - Shot by Nikita Kucherov.
12:33 of 3rd period - Shot Blocked by Travis Hamonic.
12:35 of 3rd period - Shot by Tomas Hertl.
12:35 of 3rd period - Shot Misses the Net.
13:06 of 3rd period - Icing by Zach Hyman.
13:07 of 3rd period - Anze Kopitar wins face-off versus John Tavares in MINNESOTA zone.
13:45 of 3rd period - Mark Giordano is hit by Jakub Voracek and loses puck.
14:23 of 3rd period - Shot by Michael Raffl.
14:23 of 3rd period - Stopped by Andrei Vasilevskiy without a rebound.
14:24 of 3rd period - Johan Larsson wins face-off versus Mathieu Perreault in MINNESOTA zone.
14:26 of 3rd period - Icing by Oliver Ekman-Larsson.
14:27 of 3rd period - Johan Larsson wins face-off versus Michael Raffl in MINNESOTA zone.
14:46 of 3rd period - William Carrier is hit by Justin Holl and loses puck.
14:50 of 3rd period - Icing by Justin Holl.
14:51 of 3rd period - Colin White wins face-off versus Colton Sissons in EDMONTON zone.
15:03 of 3rd period - Minor Penalty to Colton Sissons for Hooking.
15:04 of 3rd period - Anze Kopitar wins face-off versus Tanner Pearson in EDMONTON zone.
15:27 of 3rd period - Shot by Torey Krug.
15:27 of 3rd period - Stopped by Darcy Kuemper without a rebound.
15:28 of 3rd period - Tomas Hertl wins face-off versus Anze Kopitar in EDMONTON zone.
15:33 of 3rd period - Shot by Nikita Kucherov.
15:33 of 3rd period - Stopped by Darcy Kuemper without a rebound.
15:34 of 3rd period - Anze Kopitar wins face-off versus Tomas Hertl in EDMONTON zone.
15:45 of 3rd period - Colin Miller is hit by Nikita Kucherov and loses puck.
16:00 of 3rd period - Shot by Tomas Hertl.
16:00 of 3rd period - Shot Misses the Net.
16:09 of 3rd period - Off-side.
16:10 of 3rd period - Anze Kopitar wins face-off versus John Tavares in neutral zone.
16:23 of 3rd period - Shot by Mark Giordano.
16:23 of 3rd period - Stopped by Darcy Kuemper without a rebound.
16:24 of 3rd period - John Tavares wins face-off versus Anze Kopitar in EDMONTON zone.
17:13 of 3rd period - Shot by Justin Holl.
17:13 of 3rd period - Shot Blocked by Brett Kulak.
Goals for this period are 0 for EDMONTON vs 0 for MINNESOTA.
Shots for this period are 8 for EDMONTON vs 15 for MINNESOTA.